 Dungeon Crawl Stone Soup version 0.25-a0-105-g2289b3b9f1 (webtiles) character file.

Game seed: 11190140061595397539, levelgen mode: deterministic

14 mortelune the Grave Robber (level 2, 0/20 HPs)
             Began as a Demonspawn Wanderer on Nov 16, 2019.
             Slain by a jackal (3 damage)
             ... on level 1 of the Dungeon.
             The game lasted 00:03:03 (498 turns).

mortelune the Grave Robber (Demonspawn Wanderer)     Turns: 498, Time: 00:03:04

Health: 0/20       AC:  2    Str: 10    XL:     2   Next: 31%
Magic:  0/5        EV: 11    Int: 17    God:
Gold:   11         SH:  0    Dex: 10    Spells: 4/5 levels left

rFire    . . .     SeeInvis .   a - +0 club
rCold    . . .     Gourm    .   (no shield)
rNeg     . . .     Faith    .   d - +0 robe
rPois    .         Spirit   .   (no helmet)
rElec    .         Reflect  .   (no cloak)
rCorr    .         Harm     .   (no gloves)
MR       .....                  (no boots)
Stlth    +.........             (no amulet)
HPRegen  0.06/turn              (no ring)
MPRegen  0.09/turn              (no ring)

@: no status effects
A: powered by death 1
a: no special abilities


You were on level 1 of the Dungeon.
You were not hungry.

You visited 1 branch of the dungeon, and saw 1 of its levels.

You collected 11 gold pieces.

Inventory:

Hand Weapons
 a - a +0 club (weapon)
Armour
 d - a +0 robe (worn)
Scrolls
 b - 3 scrolls of identify {unknown}
 g - a scroll of enchant armour {unknown}
Potions
 c - a potion of lignification
 e - a potion of agility {unknown}
Comestibles
 f - 3 rations


   Skills:
 * Level 0.9 Fighting
 - Level 1.0 Throwing
 + Level 2.1 Spellcasting
 * Level 1.4 Conjurations
   Level 1.0 Summonings
   Level 2.1 Necromancy
 * Level 2.0 Air Magic
   Level 1.0 Evocations


You had 4 spell levels left.
You knew the following spells:

 Your Spells              Type           Power        Failure   Level  Hunger
a - Shock                 Conj/Air       #...         10%         1    #......

Your spell library contained the following spells:

 Spells                   Type           Power        Failure   Level  Hunger
 Sandblast                Erth           #.....       19%         1    #......
 Swiftness                Chrm/Air       #.......     19%         2    ###....
 Static Discharge         Conj/Air       #.......     28%         3    ###....
 Stone Arrow              Conj/Erth      #.....       38%         3    ###....
 Airstrike                Air            #.........   63%         4    #####..
 Lightning Bolt           Conj/Air       #.........   95%         5    ######.


Dungeon Overview and Level Annotations

Branches:
Dungeon (1/15)

Altars:


Innate Abilities, Weirdness & Mutations

You regenerate a little health from kills.


Message History

The zap hits the jackal but does no damage.
The jackal is severely wounded.
The jackal closely misses you. The jackal misses you.
The jackal bites you but does no damage.
The jackal bites you.
* * * LOW HITPOINT WARNING * * *
The jackal closely misses you.
Casting: Shock (safe; 10% risk of failure)
Confirm with . or Enter, or press ? or * to list all spells.
Aiming: Shock (safe; 10% risk of failure)
Press: ? - help, Shift-Dir - straight line The zap misses the jackal.
The zap hits the jackal.
The jackal is almost dead.
The jackal barely misses you. The jackal bites you.
* * * LOW HITPOINT WARNING * * *
You see here a +0 club.
The jackal bites you but does no damage.
The jackal bites you.
You die...

#####...##
######..#.......
........#
#.......##..#.#.
#####...##
#............†..
##....##
#.........###.#.
#......####
#......#.## .#
#.#.##....#
#........# # #.#.
###..#########...##
..#.
##...#######.#..###
.# ..
##..@h.).....).>...
.# .#
#..######..##.####
##.#####..## ...
#....s..## 8#8..
######### #%#.. #
.#


You could see a jackal.

Vanquished Creatures
  A dart slug (D:1)
  A giant cockroach (D:1)
  A goblin (D:1)
  3 hobgoblins (D:1)
  2 jackals (D:1)
  A kobold (D:1)
  2 rats (D:1)
11 creatures vanquished.

Notes
Turn   | Place    | Note
-------+----------+-------------------------------------------
     0 | D:1      | mortelune the Demonspawn Wanderer began the quest for the
                  | Orb.
     0 | D:1      | mortelune set off with the following items: a +0 club, a
                  | potion of lignification, a +0 robe, a ration; and the
                  | following spells available to memorise: Shock, Sandblast,
                  | Swiftness, Static Discharge, Stone Arrow, Airstrike,
                  | Lightning Bolt
     0 | D:1      | Reached XP level 1. HP: 13/13 MP: 3/3
     2 | D:1      | Learned a level 1 spell: Shock
   254 | D:1      | Gained mutation: You regenerate a little health from kills.
                  | [demonic ancestry]
   254 | D:1      | Reached XP level 2. HP: 9/20 MP: 0/5
   498 | D:1      | Slain by a jackal

Levels and vault maps discovered:
D:1:      ebering_trefoil_3fold, layout_rooms, serial_glass, glass_columns_b,
          glass_columns_a, minmay_statues_item

Skill      XL: |  1 |
---------------+----+-----
Air Magic      | 2 |  2.0
Fighting       | |  0.9
Throwing       | |  1.0
Spellcasting   | |  2.1
Conjurations   | |  1.4
Summonings     | |  1.0
Necromancy     | |  2.1
Evocations     | |  1.0

Action                   || total
-------------------------++-------
Melee: Club              ||    12
 Cast: Shock             ||    25
Armor: Robe              ||     9
Dodge: Dodged            ||    20

Table legend:
 A = Non-vault XP
 B = Vault XP
 C = Vault XP percentage of total XP
 D = Non-vault monster count
 E = Vault monster count
 F = Vault count percentage of total count
                 A         B        C        D         E       F
            +---------+---------+-------+---------+---------+-------
      Total |      21 |       0 |   0.0 |      11 |       0 |   0.0
            +---------+---------+-------+---------+---------+-------
        D:1 |      21 |       0 |   0.0 |      11 |       0 |   0.0
            +---------+---------+-------+---------+---------+-------
